 Dungeon Crawl Stone Soup version 0.22.1-6-g1668fe2c40 (webtiles) character file.

167 Forgol the Ruffian (level 5, -4/50 HPs)
             Began as a Troll Berserker on Jan 23, 2019.
             Was a Priest of Trog.
             Slain by a worm (10 damage)
             ... on level 3 of the Dungeon.
             The game lasted 00:04:32 (1419 turns).

Forgol the Ruffian (Troll Berserker)                Turns: 1419, Time: 00:04:33

Health: -4/50      AC:  5    Str: 26    XL:     5   Next: 23%
Magic:  4/4        EV: 15    Int:  6    God:    Trog [***...]
Gold:   126        SH:  0    Dex: 14    Spells: 4/4 levels left

rFire    . . .     SeeInvis .     - Unarmed
rCold    . . .     Gourm    +   (no shield)
rNeg     . . .     Faith    .   a - +0 animal skin
rPois    .         Spirit   .   (helmet restricted)
rElec    .         Reflect  .   (no cloak)
rCorr    .         Harm     .   (gloves unavailable)
MR       ++...                  (boots unavailable)
Stlth    ++........             (no amulet)
HPRegen  1.56/turn              n - +3 ring of intelligence
MPRegen  0.09/turn              (no ring)

@: agile, berserk cooldown, regenerating, slowed, very slow
A: large, unfitting armour, claws 3, fast metabolism 3, gourmand, regeneration
1, shaggy fur 1, tough skin 2
a: Berserk, Trog's Hand, Renounce Religion


You were on level 3 of the Dungeon.
You worshipped Trog.
Trog was most pleased with you.
You were very full.

You visited 1 branch of the dungeon, and saw 3 of its levels.

You collected 126 gold pieces.

Inventory:

Armour
 a - a +0 animal skin (worn)
 r - a +0 shield
Jewellery
 n - a +3 ring of intelligence (left claw)
 o - an uncursed ring of ice
Scrolls
 f - a scroll of teleportation {unknown}
 g - a scroll of fear {unknown}
 h - a scroll of random uselessness {unknown}
 i - a scroll of enchant weapon {unknown}
 j - 2 scrolls of identify
 k - a scroll of remove curse {unknown}
Potions
 c - a potion of might {unknown}
 d - a potion of degeneration {unknown}
 e - a potion of curing {unknown}
 l - 2 potions of heal wounds {unknown}
 m - a potion of ambrosia {unknown}
Comestibles
 b - 4 rations
 p - 2 chunks of flesh


   Skills:
 + Level 2.6 Fighting
 - Level 2.4 Dodging
 * Level 5.8 Unarmed Combat


You had 4 spell levels left.
You didn't know any spells.
Your spell library was empty.

Dungeon Overview and Level Annotations

Branches:
Dungeon (3/15)

Altars:
Kikubaaqudgha

Annotations:
D:3 Robin


Innate Abilities, Weirdness & Mutations

You are too large for most types of armour.
You have claws for hands.
Your metabolism is lightning-fast.
You like to eat raw meat.
Your natural rate of healing is unusually fast.
You are covered in fur. (AC +1)
You have very tough skin. (AC +2)


Message History

Robin barely misses you. The kobold hits you but does no damage.
You mangle the hobgoblin!!
You kill the hobgoblin!
Trog accepts your kill. The frilled lizard closely misses you.
Robin misses you. The kobold misses you.
The frilled lizard completely misses you.
You mangle the kobold!!
You kill the kobold!
Trog accepts your kill. Robin barely misses you.
The frilled lizard bites you but does no damage.
Robin hits you from afar with a spear.
* * * LOW HITPOINT WARNING * * *
Your skin crawls.
You feel resistant to hostile enchantments.
You feel somewhat less full. The frilled lizard misses you.
Robin hits you from afar with a spear.
* * * LOW HITPOINT WARNING * * *
The worm bites you!
You die...

..# #......<... ......
#.......... .#####
#.......... .# .##
#.......... .##
###.##.##..........
..###..... ...$.........
......#.. ..#))g)......
##..###.# ##.#..lw......
###.###.# #....)@.......
###..#..# #..###..######
.....(..###..###.##
.....##...#..)....#####
....(####(..###.......##
.....# #(....#.#####..#
###### #.###....# ##.##
#.# ###..## #..# ..#
#...# ##.#


You could see a worm, Robin and a frilled lizard.

Vanquished Creatures
  Natasha (D:3)
  5 adders (D:2)
  A worm (D:2)
  A dart slug (D:1)
  A leopard gecko (D:2)
  4 orcs (D:3)
  6 giant cockroaches
  16 goblins
  8 hobgoblins
  5 jackals (D:1)
  9 kobolds
  A quokka (D:3)
  9 bats
  3 frilled lizards (D:1)
  10 rats
80 creatures vanquished.

Notes
Turn   | Place    | Note
-------+----------+-------------------------------------------
     0 | D:1      | Forgol the Troll Berserker began the quest for the Orb.
     0 | D:1      | Reached XP level 1. HP: 22/22 MP: 0/0
   120 | D:1      | Reached XP level 2. HP: 26/29 MP: 1/1
   294 | D:1      | Reached skill level 4 in Unarmed Combat
   542 | D:1      | Reached ** piety under Trog
   543 | D:1      | Reached XP level 3. HP: 29/36 MP: 2/2
   863 | D:2      | Reached XP level 4. HP: 41/44 MP: 3/3
   929 | D:2      | Reached skill level 5 in Unarmed Combat
   963 | D:2      | Found an ancient bone altar of Kikubaaqudgha.
  1360 | D:3      | Noticed Natasha
  1361 | D:3      | Killed Natasha
  1361 | D:3      | Reached XP level 5. HP: 50/50 MP: 4/4
  1366 | D:3      | Reached *** piety under Trog
  1386 | D:3      | Noticed Robin
  1419 | D:3      | Slain by a worm

Skill      XL: |  1  2  3  4 |
---------------+-------------+-----
Unarmed Combat | 4 5 |  5.8
Fighting       | |  2.6
Dodging        | |  2.4

Action                   |  1- 3 |  4- 6 || total
-------------------------+-------+-------++-------
Melee: Unarmed           |    97 |    91 ||   188
       Punch             |     1 |       ||     1
Invok: Berserk           |     1 |     2 ||     3
       Trog's Hand       |       |     1 ||     1
  Use: Scroll            |       |     2 ||     2
       Potion            |       |     1 ||     1
 Stab: Sleeping          |     2 |       ||     2
  Eat: Chunk             |    15 |     5 ||    20
Armor: Animal skin       |    49 |    37 ||    86
Dodge: Dodged            |    41 |    81 ||   122
